 Dungeon Crawl Stone Soup version 0.29.1-2-gbd0b4ee654 (webtiles) character file.

Game seed: 14834129676869129221

24196 LustLizard the Devastator (level 13, -4/113 HPs)
             Began as a Hill Orc Fire Elementalist on Nov 7, 2022.
             Was a Priest of Beogh.
             Slain by a cane toad (15 damage)
             ... on level 2 of the Lair of Beasts on Nov 8, 2022.
             The game lasted 00:42:00 (20338 turns).

LustLizard the Devastator (HOFE)                   Turns: 20338, Time: 00:42:01

Health: -4/113     AC: 11    Str: 19    XL:     13   Next: 11%
Magic:  4/22       EV: 10    Int: 19    God:    Beogh [***...]
Gold:   468        SH:  0    Dex: 15    Spells: 3/24 levels left

rFire   + . .      SeeInvis .   w - +4 short sword "Wusumor" {drain, rF+ Str+7}
rCold   . . .      Faith    .   (no shield)
rNeg    + + +      Spirit   .   x - +0 scale mail of Grace {rPois rN+++ Will- Regen+}
rPois   +          Reflect  .   S - +1 helmet
rElec   .          Harm     .   O - +0 cloak
rCorr   .          Rampage  .   A - +0 pair of gloves
Will    .....                   p - +0 pair of boots
Stlth   +.........              P - amulet of regeneration
HPRegen 1.88/turn               e - ring of willpower
MPRegen 0.18/turn               N - ring "Qodyiff" {rN+ Dex+4}

@: no status effects
A: no striking features
a: Renounce Religion, Smiting


You were on level 2 of the Lair of Beasts.
You worshipped Beogh.
Beogh was most pleased with you.
You visited 2 branches of the dungeon, and saw 15 of its levels.

You collected 1007 gold pieces.
You spent 539 gold pieces at shops.

Inventory:

Hand Weapons
 d - a +0 club
 o - a +1 dagger of electrocution
 w - the +4 short sword "Wusumor" (weapon) {drain, rF+ Str+7}
   (You took it off a hobgoblin on level 3 of the Dungeon)

   A truly terrible weapon, it drains the life of any living foe it strikes.
   Str:       It affects your strength (+7).
   rF:        It protects you from fire.
Missiles
 B - 25 poisoned darts
Armour
 a - a +0 robe
 p - a +0 pair of boots (worn)
 q - a +0 leather armour
 x - the +0 scale mail of Grace (worn) {rPois rN+++ Will- Regen+}
   (You took it off a kobold on level 3 of the Dungeon)

   rPois:     It protects you from poison.
   rN:        It renders you almost immune to negative energy.
   Regen:     It increases your rate of health regeneration.
   Will:      It decreases your willpower.
 A - a +0 pair of gloves (worn)
 O - a +0 cloak (worn)
 S - a +1 helmet (worn)
Jewellery
 e - a ring of willpower (left hand)
 j - a ring of positive energy
 t - a +6 ring of intelligence
 N - the ring "Qodyiff" (right hand) {rN+ Dex+4}
   (You found it on level 8 of the Dungeon)

   [ring of positive energy]

   Dex:       It affects your dexterity (+4).
   rN:        It protects you from negative energy.
 P - an amulet of regeneration (around neck)
Wands
 c - a wand of flame (37) (quivered)
 G - a wand of acid (8)
 K - a wand of paralysis (3)
 L - a wand of polymorph (21)
 T - a wand of iceblast (6)
 U - a wand of digging (7)
Scrolls
 g - 3 scrolls of enchant weapon
 h - 2 scrolls of enchant armour
 i - 4 scrolls of butterflies
 l - 3 scrolls of blinking
 m - 6 scrolls of teleportation
 r - 4 scrolls of noise
 s - 3 scrolls of brand weapon
 y - 2 scrolls of amnesia
 E - 2 scrolls of vulnerability {unknown}
 H - 2 scrolls of magic mapping
 I - 3 scrolls of poison
 Q - a scroll of fear
 R - a scroll of torment
Potions
 b - a potion of magic
 f - 2 potions of invisibility
 k - 2 potions of mutation
 n - 6 potions of flight
 u - 4 potions of curing
 z - 2 potions of lignification
 C - 4 potions of might
 D - a potion of brilliance
 F - a potion of haste
 J - a potion of resistance
 M - 3 potions of cancellation
 V - a potion of attraction {unknown}
Miscellaneous
 v - a phantom mirror


   Skills:
 - Level 10.0 Fighting
 - Level 1.5 Dodging
 - Level 4.0 Stealth
 - Level 6.0 Spellcasting
 * Level 15.1 Conjurations
 - Level 3.3 Hexes
 - Level 8.9 Fire Magic
 - Level 6.0 Evocations


You had 3 spell levels left.
You knew the following spells:

 Your Spells              Type           Power      Damage    Failure   Level
a - Foxfire               Conj/Fire      100%       2x1d9     1%          1
b - Scorch                Fire           78%        2d9       1%          2
c - Inner Flame           Hex/Fire       28%        N/A       9%          3
d - Flame Wave            Conj/Fire      50%        2d12      2%          4
e - Fulminant Prism       Conj/Hex       20%        3d13      9%          4
f - Orb of Destruction    Conj           29%        9d9       52%         7

Your spell library contained the following spells:

 Spells                   Type           Power      Damage    Failure   Level
 Magic Dart               Conj           100%       1d8       1%          1
 Searing Ray              Conj           100%       2d8       1%          2
 Conjure Flame            Conj/Fire      50%        6-21      1%          3
 Mephitic Cloud           Conj/Pois/Air  24%        N/A       14%         3
 Ensorcelled Hibernation  Hex/Ice        24%        N/A       28%         2
 Apportation              Tloc           10%        N/A       34%         1
 Summon Small Mammal      Summ           20%        N/A       34%         1
 Call Imp                 Summ           5%         N/A       47%         2
 Sublimation of Blood     Necr           5%         N/A       47%         2
 Summon Guardian Golem    Hex/Summ       12%        N/A       50%         3
 Call Canine Familiar     Summ           5%         N/A       71%         3
 Spider Form              Tmut/Pois      5%         N/A       71%         3
 Iskenderun's Mystic Bla  Conj/Tloc      34%        2d8       16%         4
 Irradiate                Conj/Tmut      17%        3d17      41%         5
 Freezing Cloud           Conj/Ice/Air   12%        6-21      77%         5
 Anguish                  Hex/Necr       6%         N/A       88%         4
 Petrify                  Tmut/Erth      5%         N/A       98%         4
 Alistair's Intoxication  Tmut/Pois      3%         N/A       100%        5
 Lee's Rapid Deconstruct  Erth           2%         3d6*      100%        5
 Simulacrum               Ice/Necr       2%         N/A       100%        6
 Spellforged Servitor     Conj/Summ      17%        N/A       100%        7
 Polar Vortex             Ice            2%         N/A       100%        9


Dungeon Overview and Level Annotations

Branches:
Dungeon (12/15)            Temple (0/1) D:7            Lair (3/5) D:9
  Swamp (0/4) Lair:2       Spider (0/4) Lair:2          Orc (0/2) D:10

Altars:
Cheibriados
Gozag
Xom
The Shining One

Shops:
D:3 ((?[!   D:8 =

Annotations:
D:9 Harold
D:10 1 runed translucent door, exclusion: door


Message History

The fire elemental completely resists.
The fire elemental is moderately damaged. (Press . to intensify the flame waves.)
The fire elemental hits you. The fire elemental burns you! You resist.
The cane toad completely misses you. The fire elemental barely misses you.
A wave of flame ripples out!
The flame wave engulfs the cane toad!
The cane toad is heavily wounded.
The flame wave engulfs the fire elemental.
The fire elemental completely resists.
The fire elemental is moderately damaged.
The cane toad stings you! The fire elemental barely misses you.
Unknown command.
A wave of flame ripples out!
The flame wave engulfs the cane toad!
The cane toad is almost dead.
The flame wave engulfs the fire elemental.
The fire elemental completely resists.
The fire elemental is moderately damaged.
You finish channelling waves of flame.
The cane toad barely misses you. The fire elemental barely misses you.
The cane toad stings you.
You hit the cane toad but do no damage.
The cane toad is severely wounded.
The fire elemental barely misses you. The cane toad stings you!
The fire elemental hits you. The fire elemental burns you! You resist.
* * * LOW HITPOINT WARNING * * *
You barely miss the cane toad.
The cane toad is severely wounded.
The cane toad stings you!
* * * LOW HITPOINT WARNING * * *
The fire elemental hits you. The fire elemental burns you! You resist.
* * * LOW HITPOINT WARNING * * *
You hit the cane toad. You drain the cane toad.
The cane toad is almost dead.
The cane toad closely misses you. The fire elemental barely misses you.
The cane toad stings you but does no damage.
The cane toad stings you!
* * * LOW HITPOINT WARNING * * *
The fire elemental hits you. The fire elemental burns you! You resist.
* * * LOW HITPOINT WARNING * * *
The cane toad stings you!
You die...

...#.##..P##.# #.....### #....P#
..####P...#.## ####...# #.....#
...#.####....# #..## ###.####.
....####.....### ##..###..## ##
.##...#......#.######......## #
.#.........#..###...........# #
#####.......#.##......#....## ##
# #.......#......####P..#.# #.
### #..PP.......@.## ##....####.
#.# #.P..........F.# #.....##.#.
.####..###.....##E## ##..#.......
......####....##..○###..##P......
......#......[.#....#P.###.......
..........##.......##..# ##......
.....#..###......#.....###<.....#
....##....#.....#.#P..##.........
...#.###.......######.##......P..


You could see a cane toad (drained) and a fire elemental.

Vanquished Creatures
  2 hydras
  6 two-headed ogres
  Erica (Lair:2)
  Amaemon (D:8)
  A bog body (Lair:2)
  A black mamba (Lair:1)
  An orange demon (D:8)
  6 cane toads
  An unseen horror (D:10)
  2 komodo dragons
  A polar bear (Lair:1)
  A troll (D:12)
  2 hornets (D:8)
  3 blink frogs
  3 culicivoras (Lair:2)
  A wraith (D:9)
  39 yaks
  Grum (D:9)
  7 wyverns
  4 vampire mosquitoes (D:11)
  A basilisk (Lair:2)
  2 acid dragons (D:10)
  6 water moccasins
  3 orc warriors
  2 sky beasts
  An ice beast (D:6)
  3 black bears
  3 ogres (D:6)
  3 wolves (D:9)
  4 centaurs
  2 phantoms
  A kobold brigand (D:7)
  8 bullfrogs
  2 scorpions
  8 wights
  10 killer bees (D:9)
  8 hounds
  4 orc priests
  7 jellies
  A gnoll bouda (D:7)
  Jessica (D:2)
  3 iguanas
  7 orc wizards
  Robin (D:2)
  12 gnolls
  11 adders
  3 white imps
  2 ufetubi
  A worm (D:2)
  3 dart slugs
  18 orcs
  8 endoplasms
  2 giant cockroaches
  21 goblins
  7 hobgoblins
  10 jackals
  4 quokkas
  8 ball pythons
  9 bats
  3 frilled lizards
  10 kobolds
  8 rats
315 creatures vanquished.

Vanquished Creatures (collateral kills)
  17 foxfires
17 creatures vanquished.

Vanquished Creatures (others)
  925 foxfires
  A fulminant prism (D:11)
  22 fungi
  35 plants
983 creatures vanquished.

Grand Total: 1315 creatures vanquished

Notes
Turn   | Place    | Note
-------+----------+-------------------------------------------
     0 | D:1      | LustLizard the Hill Orc Fire Elementalist began the quest
                  | for the Orb.
     0 | D:1      | Reached XP level 1. HP: 14/14 MP: 3/3
   371 | D:1      | Reached XP level 2. HP: 20/20 MP: 0/4
   874 | D:1      | Reached XP level 3. HP: 27/27 MP: 2/5
   991 | D:1      | Learned a level 2 spell: Scorch
  1095 | D:1      | Found a faded altar of an unknown god.
  1543 | D:2      | Reached skill level 1 in Fighting
  1543 | D:2      | Reached skill level 2 in Conjurations
  1543 | D:2      | Reached XP level 4. HP: 35/35 MP: 0/6
  1615 | D:2      | Learned a level 3 spell: Inner Flame
  1916 | D:2      | Noticed Robin
  1964 | D:2      | Killed Robin
  2137 | D:2      | Noticed Jessica
  2148 | D:2      | Reached XP level 5. HP: 37/40 MP: 5/8
  2153 | D:2      | Killed Jessica
  2986 | D:3      | Found Iddion's Magic Scroll Emporium.
  3088 | D:3      | Found Fuconuad's Armour Boutique.
  3257 | D:3      | Found Doneul's Weapon Boutique.
  3463 | D:3      | Reached XP level 6. HP: 48/48 MP: 6/9
  3487 | D:3      | Found Opnuh's Distillery.
  3489 | D:3      | Identified the +0 scale mail of Grace {rPois rN+++ Will-
                  | Regen+}
  3534 | D:3      | Bought a potion of curing for 42 gold pieces
  3534 | D:3      | Bought a potion of heal wounds for 70 gold pieces
  3656 | D:3      | Identified the +4 short sword "Wusumor" {drain, rF+ Str+7}
  3989 | D:4      | Reached skill level 3 in Conjurations
  4579 | D:4      | Reached skill level 5 in Fire Magic
  4745 | D:4      | Reached XP level 7. HP: 50/56 MP: 1/10
  4762 | D:4      | Reached skill level 1 in Hexes
  5393 | D:5      | Entered Level 5 of the Dungeon
  5453 | D:3      | Bought a scroll of blinking for 97 gold pieces
  5722 | D:3      | Found Gigh's Antique Weapon Shop.
  6162 | D:5      | Reached skill level 4 in Conjurations
  6413 | D:5      | Reached XP level 8. HP: 63/63 MP: 6/12
  6483 | D:5      | Became a worshipper of Beogh the Brigand
  6526 | D:5      | Found a shimmering altar of Xom.
  7070 | D:5      | Noticed a wyvern
  7080 | D:5      | Killed a wyvern
  7081 | D:5      | Reached skill level 5 in Conjurations
  7248 | D:5      | Learned a level 4 spell: Flame Wave
  7824 | D:6      | Reached XP level 9. HP: 72/72 MP: 7/13
  8277 | D:6      | Reached skill level 6 in Conjurations
  8278 | D:6      | Reached skill level 1 in Evocations
  8436 | D:3      | Bought a potion of invisibility for 112 gold pieces
  8557 | D:6      | Reached * piety under Beogh
  8732 | D:3      | Bought a potion of resistance for 140 gold pieces
  9217 | D:7      | Reached skill level 5 in Fighting
  9299 | D:7      | Found a staircase to the Ecumenical Temple.
  9706 | D:7      | Learned a level 4 spell: Fulminant Prism
  9909 | D:7      | Found a snail-covered altar of Cheibriados.
  9916 | D:7      | Found a glowing golden altar of the Shining One.
 10122 | D:8      | Noticed a hornet
 10125 | D:8      | Paralysed by a hornet for 2 turns
 10128 | D:8      | Killed a hornet
 10191 | D:8      | Identified the ring "Qodyiff" {rN+ Dex+4}
 10227 | D:8      | Noticed a hornet
 10282 | D:8      | Found Bimeoridd's Jewellery Emporium.
 10348 | D:8      | Reached XP level 10. HP: 50/81 MP: 6/16
 10430 | D:8      | Noticed an orange demon
 10465 | D:8      | Killed an orange demon
 10466 | D:8      | Reached skill level 7 in Conjurations
 10591 | D:8      | Found an opulent altar of Gozag.
 10759 | D:8      | Noticed Amaemon
 11091 | D:9      | Noticed a two-headed ogre
 11645 | D:9      | Found a staircase to the Lair.
 12260 | D:9      | Reached skill level 5 in Evocations
 12393 | D:9      | Noticed Grum
 12399 | D:9      | Killed Grum
 12400 | D:9      | Reached skill level 8 in Conjurations
 12492 | D:9      | Noticed a two-headed ogre
 12499 | D:9      | Killed a two-headed ogre
 12499 | D:9      | Reached ** piety under Beogh
 12751 | D:9      | Killed a two-headed ogre
 12752 | D:9      | Reached XP level 11. HP: 91/91 MP: 4/18
 12894 | D:9      | Reached skill level 9 in Conjurations
 13346 | D:3      | Bought a scroll of identify for 26 gold pieces
 13346 | D:3      | Bought a scroll of identify for 26 gold pieces
 13346 | D:3      | Bought a scroll of identify for 26 gold pieces
 13543 | D:8      | Reached skill level 5 in Spellcasting
 13664 | D:10     | Entered Level 10 of the Dungeon
 13664 | D:10     | Noticed Harold
 13664 | D:10     | Found a staircase to the Orcish Mines.
 13756 | D:9      | HP: 4/92 [yak (12)]
 14021 | D:10     | Identified the +1 robe of Dauptiut {Dex+3}
 14528 | D:10     | Reached skill level 10 in Conjurations
 14755 | D:10     | Noticed a two-headed ogre
 14778 | D:10     | Killed a two-headed ogre
 14996 | D:10     | Found a runed translucent door.
 14996 | D:10     | Noticed a boulder beetle
 14997 | D:10     | Noticed a seven-headed hydra
 14997 | D:10     | Noticed a frost giant
 14998 | D:10     | Noticed a centaur warrior
 15000 | D:10     | Noticed a red ugly thing
 15000 | D:10     | Noticed a cyclops
 15000 | D:10     | Noticed a centaur warrior
 15000 | D:10     | Noticed a centaur warrior
 15000 | D:10     | Noticed a centaur warrior
 15002 | D:10     | Noticed a brown ugly thing
 15110 | D:11     | Noticed a two-headed ogre
 15391 | D:11     | Noticed a two-headed ogre
 15453 | D:11     | Killed a two-headed ogre
 15781 | D:11     | Reached skill level 11 in Conjurations
 15785 | D:11     | Noticed a two-headed ogre
 15795 | D:11     | HP: 4/95 [two-headed ogre/+0 dire flail (27)]
 15796 | D:11     | Killed a two-headed ogre
 15797 | D:11     | Reached XP level 12. HP: 6/104 MP: 2/21
 15912 | D:11     | Learned a level 7 spell: Orb of Destruction
 16043 | D:11     | Reached *** piety under Beogh
 16143 | D:11     | Killed a two-headed ogre
 16440 | D:12     | Noticed a boulder beetle
 16509 | Lair:1   | Entered Level 1 of the Lair of Beasts
 16525 | Lair:1   | Reached skill level 12 in Conjurations
 16776 | Lair:1   | Reached skill level 10 in Fighting
 16962 | Lair:1   | Noticed a six-headed hydra
 17376 | D:8      | Killed Amaemon
 17587 | D:9      | Killed a six-headed hydra
 18301 | Lair:2   | Reached skill level 13 in Conjurations
 18726 | Lair:2   | Found a staircase to the Swamp.
 18921 | Lair:2   | Reached skill level 14 in Conjurations
 19177 | Lair:2   | Noticed Erica
 19207 | Lair:2   | Killed Erica
 19272 | Lair:2   | Found a hole to the Spider Nest.
 19406 | Lair:2   | Reached XP level 13. HP: 113/113 MP: 16/22
 20320 | Lair:3   | Reached skill level 15 in Conjurations
 20338 | Lair:2   | Slain by a cane toad

Illustrated notes

Levels and vault maps discovered:
D:1:      heliophobic_arrival_battle_scene, layout_basic,
          hellmonk_ecumenical_altar_inner_sanctum
D:2:      minmay_diamond_boxcup, layout_basic, uniq_robin, uniq_jessica
D:3:      cheibrodos_old_hovel, layout_basic, serial_shops, shop, shop_scrolls,
          nicolae_shop_competitors_out_of_business, nicolae_square_shop,
          nicolae_shop_statue_plus
D:4:      minmay_chambers_of_fours, layout_loops_corners,
          minmay_misc_feat_secret_circle
D:5:      layout_gridville, xom_teletrap_fun, nrook_uturn
D:6:      layout_loops_ring
D:7:      layout_cave_pools, amethyst_overflow_temple_binary,
          minmay_temple_entry_statues_fountains
D:8:      layout_loops_ring, mainiacjoe_overflow_chevrons, serial_shops, shop,
          uniq_amaemon
D:9:      layout_gridville, grunt_lair_entry_orc_guard_hut, uniq_grum
D:10:     minmay_the_grid_triangle_9x9_recursive_2
          [minmay_the_grid_triangle_9x9_prize_top_heavy,
          minmay_the_grid_triangle_9x9_fully_insulated_deathbox,
          minmay_the_grid_triangle_9x9_sparse_checkered,
          minmay_the_grid_triangle_9x9_windchime], layout_rooms, orc_david_3,
          uniq_joseph, uniq_harold
D:11:     layout_roguey, dreamdust_mushroom_princess
D:12:     layout_cave_pods, uniq_nessos
Lair:1:   layout_regular_city, beast_lair_carwin_9
Lair:2:   layout_layer_cave, skrybe_swamp_entry_bodies,
          hellmonk_spider_entry_life_and_decay, uniq_erica
Lair:3:   layout_gridlike, lemuel_fruit_tree, uniq_rupert, uniq_gastronok,
          uniq_nergalle, uniq_urug

Skill      XL: |  1  2  3  4  5  6  7  8  9 10 11 12 13 |
---------------+----------------------------------------+-----
Stealth        | 2 3 4 |  4.0
Fighting       | 1 2 3 4 5 6 9 10 | 10.0
Conjurations   | 2 3 4 5 6 8 11 14 15 | 15.1
Fire Magic     | 4 5 7 8 |  8.9
Spellcasting   | 2 3 4 6 |  6.0
Hexes          | 1 3 |  3.3
Evocations     | 3 6 |  6.0
Dodging        | |  1.5

Action                   |  1- 3 |  4- 6 |  7- 9 | 10-12 | 13-15 || total
-------------------------+-------+-------+-------+-------+-------++-------
Melee: Club              |    21 |    13 |       |       |       ||    34
       Dagger            |       |    26 |       |       |       ||    26
       Short sword       |       |    16 |    52 |   284 |    12 ||   364
       Punch             |       |       |       |     1 |       ||     1
Throw: Dart              |       |       |       |     7 |       ||     7
 Cast: Foxfire           |    52 |   131 |   108 |   241 |    11 ||   543
       Scorch            |       |     2 |    79 |   157 |    10 ||   248
       Flame Wave        |       |       |       |    14 |     3 ||    17
       Inner Flame       |       |       |       |     1 |       ||     1
       Fulminant Prism   |       |       |       |     1 |       ||     1
Invok: Convert to Beogh  |       |       |     1 |       |       ||     1
       Smiting           |       |       |       |     1 |       ||     1
Evoke: Wand              |       |       |     1 |    10 |       ||    11
  Use: Scroll            |       |       |     7 |    14 |       ||    21
       Potion            |       |       |     1 |     4 |       ||     5
 Stab: Sleeping          |     1 |       |       |       |       ||     1
       Invisible         |       |       |       |     4 |       ||     4
Armor: Robe              |     5 |     9 |       |       |       ||    14
       Leather armour    |       |    12 |       |       |       ||    12
       Scale mail        |       |     8 |    38 |   155 |    26 ||   227
Dodge: Dodged            |    16 |    58 |    45 |   224 |    25 ||   368
